 Dungeon Crawl Stone Soup version 0.19.1-1-g22dce08 (webtiles) character file.

853 esteth the Cleaver (level 7, -2/85 HPs)
             Began as a Minotaur Berserker on Jan 2, 2017.
             Was a Priest of Trog.
             Killed by divine providence
             ... invoked by an orc priest
              (13 damage)
             ... on level 6 of the Dungeon.
             The game lasted 00:11:18 (4549 turns).

esteth the Cleaver (Minotaur Berserker)             Turns: 4549, Time: 00:11:19

Health: -2/85      AC: 13    Str: 28    XL:     7   Next: 70%
Magic:  6/6        EV:  7    Int:  4    God:    Trog [***...]
Gold:   269        SH:  0    Dex: 10    Spells: 0 memorised, 6 levels left

rFire  . . .     SeeInvis .     k - +0 war axe
rCold  . . .     Gourm    .     g - +2 plate armour
rNeg   . . .     Faith    .     (no shield)
rPois  +         Spirit   .     (helmet restricted)
rElec  .         Reflect  .     (no cloak)
rCorr  .         Harm     .     (no gloves)
MR     ++...                    j - +0 pair of boots
Stlth  ..........               (no amulet)
                                (no ring)
                                s - ring of poison resistance

@: berserking (expiring), regenerating, heavily drained, very quick
A: retaliatory headbutt, horns 2
a: Berserk, Trog's Hand, Burn Spellbooks, Renounce Religion


You were on level 6 of the Dungeon.
You worshipped Trog.
Trog was most pleased with you.
You were near starving.

You visited 1 branch of the dungeon, and saw 6 of its levels.

You collected 269 gold pieces.

Inventory:

Hand Weapons
 k - a +0 war axe (weapon)
Armour
 b - a +0 animal skin
 g - a +2 plate armour (worn)
 j - a +0 pair of boots (worn)
Jewellery
 s - a ring of poison resistance (left hand)
Wands
 r - a wand of flame (25/48)
Scrolls
 e - 4 scrolls of remove curse
 l - 2 scrolls of teleportation {unknown}
 m - a scroll of enchant weapon {unknown}
 q - 2 scrolls of identify
 t - 2 scrolls of magic mapping {unknown}
 v - a scroll of recharging
Potions
 h - a potion of curing
 i - a potion of cancellation {unknown}
 n - a potion of lignification {unknown}
 u - a potion of heal wounds {unknown}
Comestibles
 a - a beef jerky
 c - 4 bread rations
 f - a meat ration
 o - a royal jelly
 p - a slice of pizza


   Skills:
 - Level 3.6(2.1) Fighting
 + Level 10.7(9.0) Axes
 - Level 2.8(1.3) Armour
 - Level 2.6(1.2) Dodging


You had 6 spell levels left.
You didn't know any spells.

Dungeon Overview and Level Annotations

Branches:
Dungeon (6/15)             Temple (0/1) D:4

Altars:
Makhleb
Qazlal
Ru

Shops:
D:4 :

Annotations:
D:5 Adolfin's ghost, amateur DsMo; Grinder
D:6 Edmund


Innate Abilities, Weirdness & Mutations

You reflexively headbutt those who attack you in melee.
You have a pair of horns on your head.


Message History

You slash the orc!
You kill the orc!
Trog accepts your kill.
You hit the orc warrior. Edmund hits you but does no damage.
You feel drained.
The orc wizard mumbles some strange words.
The orc wizard seems to speed up.
The orc warrior hits you with a morningstar!
* * * LOW HITPOINT WARNING * * *
You closely miss Edmund. Your headbutt misses Edmund.
Edmund is almost dead.
You slash the orc warrior!
Edmund hits you with a dire flail of draining!
* * * LOW HITPOINT WARNING * * *
You feel drained.
* * * LOW HITPOINT WARNING * * *
You are too berserk!
The crimson imp blinks!
The orc priest calls down the wrath of Beogh upon you.
Beogh smites you!
You die...

.#. ... ..########
#.#.......
#..≈......
#§....≈... #
#o#..≈≈≈...
###.##.#.≈≈≈≈#≈##≈
#....@@oo≈≈#≈≈≈≈≈≈
#.#.###o...#≈>.≈≈≈..
.. #..≈.≈≈._≈#≈.. #.
#....+≈≈≈ #... #
##...#≈####...
#...≈≈≈≈.....
####....≈≈≈..≈..##
...........≈.......
.####.....##.####.#


You could see Edmund (berserk), an orc warrior, an orc priest, an orc wizard and
an orc.

Vanquished Creatures
  A sky beast (D:6)
  An ice beast (D:6)
  2 phantoms
  A bullfrog (D:6)
  A howler monkey (D:4)
  A bullfrog zombie (D:6)
  A crimson imp (D:6)
  2 hounds
  2 orc wizards (D:4)
  A worker ant (D:4)
  Robin (D:4)
  2 adders
  4 gnolls (D:5)
  An adder skeleton (D:6)
  6 worms
  3 leopard geckos
  5 orcs
  3 bats
  2 giant cockroaches
  15 goblins
  12 hobgoblins
  5 jackals
  4 quokkas
  3 ball pythons
  11 frilled lizards
  7 kobolds
  3 quokka skeletons (D:4)
  4 rats
104 creatures vanquished.

Notes
Turn   | Place    | Note
-------+----------+-------------------------------------------
     0 | D:1      | esteth the Minotaur Berserker began the quest for the Orb.
     0 | D:1      | Reached XP level 1. HP: 19/19 MP: 0/0
   483 | D:1      | Reached XP level 2. HP: 26/26 MP: 1/1
   808 | D:1      | Reached skill level 4 in Axes
  1417 | D:2      | Reached XP level 3. HP: 31/31 MP: 2/2
  1467 | D:2      | Reached ** piety under Trog
  1675 | D:2      | Reached skill level 5 in Axes
  2226 | D:3      | Reached XP level 4. HP: 38/39 MP: 3/3
  2499 | D:3      | Reached skill level 6 in Axes
  2513 | D:3      | Found a burning altar of Makhleb.
  2923 | D:4      | Reached XP level 5. HP: 32/45 MP: 4/4
  3162 | D:4      | Found a sacrificial altar of Ru.
  3178 | D:4      | Noticed a phantom
  3196 | D:4      | Reached skill level 7 in Axes
  3201 | D:4      | Killed a phantom
  3201 | D:4      | Reached skill level 8 in Axes
  3201 | D:4      | Reached XP level 6. HP: 51/51 MP: 5/5
  3382 | D:4      | Noticed Robin
  3395 | D:4      | Killed Robin
  3395 | D:4      | Reached *** piety under Trog
  3571 | D:4      | Found Sivvic's Book Emporium.
  3574 | D:4      | Found a staircase to the Ecumenical Temple.
  3929 | D:5      | Entered Level 5 of the Dungeon
  4013 | D:5      | Reached skill level 9 in Axes
  4065 | D:5      | Reached XP level 7. HP: 27/57 MP: 6/6
  4289 | D:5      | Noticed Grinder
  4292 | D:5      | Noticed Adolfin's ghost (amateur DsMo)
  4368 | D:6      | Reached skill level 10 in Axes
  4460 | D:6      | Found a stormy altar of Qazlal.
  4531 | D:6      | Noticed Edmund
  4549 | D:6      | Killed from afar by an orc priest

Skill      XL: |  1  2  3  4  5  6  7 |
---------------+----------------------+-----
Axes           | 4 5 6 8 9 10 | 10.7
Fighting       | |  3.6
Armour         | |  2.8
Dodging        | |  2.6

Action                   |  1- 3 |  4- 6 |  7- 9 || total
-------------------------+-------+-------+-------++-------
Melee: Hand axe          |   119 |       |       ||   119
       Headbutt          |    21 |    15 |     5 ||    41
       War axe           |     5 |   108 |    36 ||   149
Invok: Trog's Hand       |       |     2 |     2 ||     4
       Berserk           |       |     2 |     1 ||     3
       Burn Spellbooks   |       |     1 |       ||     1
  Use: Scroll            |     6 |       |       ||     6
 Stab: Sleeping          |     1 |       |       ||     1
  Eat: Chunk             |     4 |     8 |     2 ||    14
Armor: Animal skin       |     1 |       |       ||     1
       Plate armour      |    41 |    75 |    22 ||   138
Dodge: Dodged            |    39 |    50 |    11 ||   100
